Map: [ESL] Oceanborn

Players

DnS

  • Race: Protoss Protoss
  • Spawn Location: 5:00

NightMare - Winner!

  • Race: Protoss Protoss
  • Spawn Location: 11:00

Event: ESL SC2 Masters 2023 Winter (Finals)

VOD

Have the link to the VOD?

Description

Time

  • Played on: Dec. 15, 2023, 11:46 a.m.
  • Length: 5:37

All games in this series

Show
View Real Time Build Order
Export as new Build Order

DnS Protoss 

Build Orders: Oracle Opening 

Get SALT Encoding   

  12  0:00  Probe  
  13  0:12  Probe  
  14  0:16  Pylon  
  14  0:24  Probe (Chrono Boost)  
  15  0:36  Gateway, Probe (Chrono Boost)  
  16  0:44  Probe (Chrono Boost)  
  16  0:45  Assimilator  
  17  0:50  Probe  
  17  0:54  Assimilator  
  18  1:03  Probe (Chrono Boost)  
  19  1:06  Gateway  
  20  1:12  Probe (Chrono Boost)  
  20  1:17  Probe (Chrono Boost)  
  20  1:23  Cybernetics Core  
  21  1:29  Probe  
  22  1:35  Pylon  
  22  1:41  Probe  
  24  1:59  Stargate  
  23  2:03  Stalker  
  27  2:11  Stalker  
  27  2:12  Probe  
  27  2:14  Warp Gate  
  28  2:19  Pylon  
  28  2:30  Pylon  
  28  2:43  Oracle (Chrono Boost)  
  28  2:51  Shield Battery  
  31  3:00  Robotics Facility  
  30  3:17  Shield Battery  
  30  3:19  Stalker x2  
  34  3:27  Pylon  
  34  3:48  Nexus  
  34  3:55  Immortal  
  38  4:05  Sentry, Stalker  
  42  4:11  Pylon  
  42  4:29  Stalker x2  
  46  4:40  Shield Battery  
  50  5:04  Adept x2  
  50  5:06  Probe  
  54  5:07  Probe  
  52  5:21  Probe x2  
  48  5:25  Pylon  
Show
View Real Time Build Order
Export as new Build Order

NightMare Protoss - Winner!

Build Orders:  

Get SALT Encoding   

  12  0:00  Probe  
  13  0:12  Probe  
  14  0:17  Pylon  
  14  0:24  Probe (Chrono Boost)  
  15  0:36  Probe (Chrono Boost)  
  15  0:37  Gateway  
  16  0:45  Probe (Chrono Boost)  
  16  0:47  Assimilator  
  17  0:51  Probe  
  17  0:54  Assimilator  
  18  1:03  Probe (Chrono Boost)  
  19  1:06  Gateway  
  19  1:13  Probe (Chrono Boost)  
  19  1:18  Probe (Chrono Boost)  
  20  1:24  Cybernetics Core  
  21  1:29  Probe  
  22  1:34  Pylon  
  22  1:41  Probe  
  24  2:01  Warp Gate, Adept x2  
  28  2:05  Robotics Facility  
  27  2:15  Pylon  
  27  2:31  Stalker x2  
  31  2:39  Gateway  
  31  2:56  Immortal (Chrono Boost)  
  34  3:09  Pylon  
  34  3:16  Sentry  
  36  3:20  Sentry  
  36  3:24  Warp Prism (Chrono Boost)  
  38  3:38  Probe  
  39  3:42  Shield Battery  
  37  3:53  Stalker  
  37  3:55  Stalker  
  41  4:02  Adept  
  43  4:04  Observer  
  44  4:10  Pylon  
  44  4:12  Probe  
  45  4:23  Stalker  
  47  4:34  Adept x2  
  49  5:02  Sentry  
  49  5:04  Stalker x2  
  55  5:09  Pylon  
  51  5:29  Stalker x3  
Tags
 
Add a new tag
Caveats
  • Supply blocks, unpowered buildings, or Contaminate may cause inaccurate times.
  • Supply counts are checked every 10 seconds.